 Dungeon Crawl Stone Soup version 0.29-a0-214-g17f627cfee (webtiles) character file.

Game seed: 9427238037704846890

5705 spaghetti the Warrior (level 10, 0/87 HPs)
             Began as an Octopode Fighter on Feb 24, 2022.
             Was a Priest of Wu Jian.
             Slain by a killer bee (7 damage)
             ... on level 9 of the Dungeon.
             The game lasted 00:16:28 (10467 turns).

spaghetti the Warrior (Octopode Fighter)           Turns: 10467, Time: 00:16:28

Health: 0/87       AC:  5    Str: 17    XL:     10   Next: 76%
Magic:  10/10      EV: 13    Int: 12    God:    Wu Jian [***...]
Gold:   343        SH:  5    Dex: 13    Spells: 5/9 levels left

rFire   . . .      SeeInvis +   b - +0 morningstar (pain) {mace}
rCold   . . .      Faith    .   i - +1 buckler
rNeg    + + .      Spirit   .   (helmet restricted)
rPois   .          Reflect  .   M - amulet of magic regeneration {@e2}
rElec   .          Harm     .   v - ring of wizardry
rCorr   .          Rampage  .   f - ring of positive energy
Will    .....                   J - +4 ring of protection
Stlth   ++........              x - ring "Testala" {rN+ SInv}
HPRegen 0.24/turn               (no ring)
MPRegen 0.52/turn               (no ring)
                                (no ring)
                                (no ring)

@: exhausted, about to teleport, hasted, very quick
A: almost no armour, amphibious, 8 rings, camouflage 1, gelatinous body 1,
(nimble swimmer 1), tentacles
a: Renounce Religion, Wall Jump, Serpent's Lash


You were on level 9 of the Dungeon.
You worshipped Wu Jian.
Wu Jian was most pleased with you.
You visited 1 branch of the dungeon, and saw 9 of its levels.
You also visited: Ossuary.

You collected 499 gold pieces.
You spent 156 gold pieces at shops.


Innate Abilities, Weirdness & Mutations

You cannot wear most types of armour.
You are amphibious.
You can wear up to eight rings at the same time.
Your skin changes colour to match your surroundings (Stealth+).
Your rubbery body absorbs attacks. (AC +1, EV +1)
((You are camouflaged when in or above water. (Stealth+)))
You have tentacles for arms and can constrict up to eight enemies at once.


   Skills:
 - Level 15.4 Fighting
 - Level 2.0 Long Blades
 + Level 2.4 Maces & Flails
 - Level 3.0 Dodging
 - Level 3.0 Shields
 + Level 1.7 Necromancy


You had 5 spell levels left.
You knew the following spells:

 Your Spells              Type           Power      Damage    Failure   Level
a - Animate Dead          Necr           2%         N/A       61%         4

Your spell library contained the following spells:

 Spells                   Type           Power      Damage    Failure   Level
 Confusing Touch          Hex            0%         N/A       45%         3
 Gell's Gravitas          Tloc           0%         N/A       45%         3
 Lesser Beckoning         Tloc           0%         N/A       45%         3
 Teleport Other           Tloc           0%         N/A       45%         3
 Borgnjor's Vile Clutch   Necr/Erth      1%         N/A       96%         5
 Yara's Violent Unravell  Hex/Tmut       0%         3d3       99%         5
 Death Channel            Necr           2%         N/A       100%        6
 Enfeeble                 Hex            0%         N/A       100%        7

Inventory:

Hand Weapons
 a - a +0 hunting sling {sling}
   (You found it on level 2 of the Dungeon)
 b - a +0 morningstar of pain (weapon) {mace}
   (You bought it in a shop on level 5 of the Dungeon)
 h - a +0 long sword {long}
 j - a +0 dagger {short}
   (You found it on level 2 of the Dungeon)
 k - a +0 scythe {polearm}
   (You took it off Sigmund on level 2 of the Dungeon)
 l - a +0 club {mace}
   (You took it off a goblin on level 2 of the Dungeon)
 p - a +0 whip {mace}
   (You found it on level 2 of the Dungeon)
 r - a +3 dagger {short}
   (You took it off an orc on level 4 of the Dungeon)
 w - a +2 whip of venom {mace}
   (You took it off a gnoll on level 8 of the Dungeon)
 B - a +0 morningstar {mace}
   (You took it off an orc priest on level 6 of the Dungeon)
Missiles
 d - 130 stones (quivered) {throwing}
 H - 9 boomerangs {throwing}
 I - 15 poisoned darts {throwing}
Armour
 i - a +1 buckler (worn)
Magical Staves
 A - a staff of cold {!astaff}
   (You found it on level 6 of the Dungeon)
Jewellery
 f - a ring of positive energy (right tentacle)
   (You found it on level 2 of the Dungeon)
 n - an amulet of guardian spirit
   (You found it on level 2 of the Dungeon)
 v - a ring of wizardry (left tentacle)
   (You found it in an ossuary)
 x - the ring "Testala" (on tentacle) {rN+ SInv}
   (You took it off a gnoll on level 8 of the Dungeon)

   [ring of positive energy]

   rN:        It protects you from negative energy.
   SInv:      It lets you see invisible.
 E - a ring of flight
   (You found it on level 7 of the Dungeon)
 J - a +4 ring of protection (on tentacle)
   (You found it on level 7 of the Dungeon)
 M - an amulet of magic regeneration (around mantle) {@e2}
   (You found it on level 9 of the Dungeon)
Wands
 c - a wand of flame (48)
   (You took it off Sigmund on level 2 of the Dungeon)
 q - a wand of polymorph (22)
   (You found it on level 4 of the Dungeon)
 s - a wand of acid (3)
   (You found it on level 4 of the Dungeon)
 C - a wand of paralysis (5)
   (You found it on level 6 of the Dungeon)
Scrolls
 t - 7 scrolls of teleportation {@r4}
 y - 2 scrolls of vulnerability {!r!r}
 D - 2 scrolls of identify {@r1}
 F - a scroll of magic mapping {!r}
 G - a scroll of immolation {!r!r}
 L - a scroll of enchant weapon
 N - a scroll of enchant armour
Potions
 e - a potion of cancellation
 g - 3 potions of curing {@q1}
 o - 2 potions of resistance
 u - a potion of might
 z - a potion of ambrosia
 K - a potion of lignification {!q}

Dungeon Overview and Level Annotations

Branches:
Dungeon (9/15)             Temple (0/1) D:5         Ossuary (visited)
   Lair: D:8-11         Orc: D:9-12

Altars:
Cheibriados
Hepliaklqana
Kikubaaqudgha
Makhleb
Qazlal
Wu Jian

Shops:
D:5 ( D:7

* .......######(
.... ...#### ....
#...# .. .....
#...## ..
.....#####....#
..
..............#
..#
..............###
..#
.................
..# .
.......@y..# ..#
.. .#########.#
..# ... #.#
..#...# #.#
....... #.#
)≈≈≈≈.# ##.#
####≈.. #.o# #)>#
#..# ').# .. #oo#


You could see a killer bee.


Message History

😕 HP[-8]
You take 8 damage, and now have 66/87 hp.
You hit the centaur warrior zombie.
The centaur warrior zombie barely misses you.
The centaur warrior zombie kicks you. The centaur warrior zombie hits you.
You block the centaur warrior zombie's attack.
Unknown command. 😮 HP[-5]
You take 5 damage, and now have 61/87 hp.
You are too injured to fight recklessly!
You are too injured to fight recklessly!
You are too injured to fight recklessly!
You are too injured to fight recklessly!
You puncture the centaur warrior zombie!
The centaur warrior zombie hits you but does no damage.
The centaur warrior zombie barely misses you. 😮 HP[+1]
You hit the centaur warrior zombie but do no damage.
The centaur warrior zombie hits you! The centaur warrior zombie kicks you.
The centaur warrior zombie hits you.
The centaur warrior zombie barely misses you.
You block the orc's attack.
You block the orc warrior's attack. 😮 HP[-11]
You take 11 damage, and now have 51/87 hp.
You hit the centaur warrior zombie. The centaur warrior zombie hits you!
* * * LOW HITPOINT WARNING * * *
The centaur warrior zombie barely misses you.
The orc misses you.
The orc warrior hits you from afar with a +0 trident.
* * * LOW HITPOINT WARNING * * *
The centaur warrior zombie hits you.
* * * LOW HITPOINT WARNING * * *
The centaur warrior zombie barely misses you. 😨 HP[-16]
You take 16 damage, and now have 35/87 hp.
Unknown command.
The orc barely misses you. 😨 HP[+1]
You spin and attack the orc.
You barely miss the orc. You grab the orc. You constrict the orc.
You release your grip on the orc.
The orc closely misses you. 😨 HP[+1] 😨 HP[+1] 😨 HP[+1]
The centaur warrior zombie barely misses you.
The centaur warrior zombie kicks you but does no damage.
You hit the centaur warrior zombie. You squeeze the centaur warrior zombie.
The centaur warrior zombie hits you but does no damage.
The centaur warrior zombie kicks you but does no damage.
The centaur warrior zombie hits you but does no damage.
You block the centaur warrior zombie's attack. 😨 HP[+1]
You hit the centaur warrior zombie. You squeeze the centaur warrior zombie!
The centaur warrior zombie hits you.
* * * LOW HITPOINT WARNING * * *
The centaur warrior zombie barely misses you. x2
The centaur warrior zombie kicks you but does no damage. 😨 HP[-1]
You take 1 damage, and now have 39/87 hp.
You puncture the centaur warrior zombie!
The centaur warrior zombie misses you.
You block the centaur warrior zombie's attack.
You hit the orc.
The orc writhes in agony.
Your grab misses the orc. Your squeeze misses the orc.
The orc hits you with a +0 dagger.
* * * LOW HITPOINT WARNING * * *
You closely miss the orc. Your grab misses the orc. You block the orc's attack.
The orc warrior hits you from afar with a +0 trident!!
* * * LOW HITPOINT WARNING * * *
😱 HP[-18]
You take 18 damage, and now have 21/87 hp.
MASSIVE DAMAGE!! (PAUSE) 😨 HP[+1] 😨 HP[+1]
The orc warrior throws a boomerang.
The boomerang hits you!
* * * LOW HITPOINT WARNING * * *
😱 HP[-13]
You take 13 damage, and now have 10/87 hp.
Okay, then.
Okay, then.
Okay, then.
Your muscles tense, ready for explosive movement...
Your supernatural speed expires.
Okay, then.
Unknown command.
You feel better.
The orc warrior throws a boomerang.
You block the boomerang. 😱 HP[+8]
You regained 8 hp, and now have 18/87 hp.
The orc warrior throws a boomerang.
The boomerang hits you!
* * * LOW HITPOINT WARNING * * *
😱 HP[-12]
You take 12 damage, and now have 6/87 hp.
A killer bee comes into view.
Okay, then.
As you read the scroll of teleportation {@r4}, it crumbles to dust.
You feel strangely unstable. 😱 HP[+1]
You feel yourself speed up. The killer bee stings you!
You die...

Skill      XL: |  1  2  3  4  5  6  7  8  9 10 |
---------------+-------------------------------+-----
Fighting       | 5 7 9 11 14 15 | 15.4
Maces & Flails | 2 |  2.4
Necromancy     | 1 |  1.7
Long Blades    | |  2.0
Dodging        | |  3.0
Shields        | |  3.0

Action                   |  1- 3 |  4- 6 |  7- 9 | 10-12 || total
-------------------------+-------+-------+-------+-------++-------
Melee: Long sword        |    18 |    16 |       |       ||    34
       Constrict         |     5 |    12 |    65 |    21 ||   103
       Tentacles         |     3 |     6 |   113 |    40 ||   162
       Whip              |       |    44 |    30 |    90 ||   164
       Punch             |       |     3 |     8 |     1 ||    12
       Dagger            |       |       |   292 |     3 ||   295
       Morningstar       |       |       |       |    56 ||    56
 Fire: Hunting sling     |       |     6 |    14 |       ||    20
Throw: Stone             |       |     2 |     6 |     6 ||    14
Invok: Lunge             |       |       |    25 |     8 ||    33
       Whirlwind         |       |       |     4 |     7 ||    11
       Serpent's Lash    |       |       |       |     2 ||     2
Evoke: Wand              |       |     4 |     7 |     7 ||    18
  Use: Potion            |     1 |     3 |     9 |     2 ||    15
       Scroll            |       |     1 |    11 |     3 ||    15
 Stab: Sleeping          |     1 |     1 |    16 |     2 ||    20
       Paralysed         |       |       |       |     4 ||     4
Armor: Skin              |     2 |    15 |    45 |    32 ||    94
Dodge: Dodged            |    12 |    41 |   161 |    94 ||   308
Block: Buckler           |     5 |    17 |    69 |    47 ||   138

Levels and vault maps discovered:
D:1:      erik_arrival_orb_chamber, layout_rooms, serial_shops,
          nicolae_lakefront_shop, shop, nicolae_shop_waterfront, shop_statue,
          nicolae_shop_window_shopping
D:2:      layout_basic, st_stairs_3, uniq_sigmund
D:3:      layout_basic, overflow_temple_1_default,
          dreamdust_ecumenical_altar_hidden_monk_grotto, uniq_terence,
          uniq_grinder
D:4:      layout_loops_cross, mainiacjoe_overflow_24_doors,
          kennysheep_vampire_church
D:5:      layout_loops_ring, chei_slow_surprise, minmay_temple_entry_slanted,
          lightli_ossuary_entry_decrepit_ruins, serial_shops,
          nicolae_square_shop
D:6:      layout_loops_corners, skrybe_limestone_x
D:7:      layout_rooms, worldfamousw_hep_ancestral_shrine, serial_shops,
          nicolae_shop_advertising_works [nicolae_subvault_shop_adworks],
          nicolae_benzene_ring
D:8:      layout_basic, serial_ice, serial_ice_l, serial_ice_n, serial_ice_e,
          serial_ice_m
D:9:      layout_irregular_city, xom_butterflies, orc_0_dummy, enter_bailey_4

Notes
Turn   | Place    | Note
-------+----------+-------------------------------------------
     0 | D:1      | spaghetti the Octopode Fighter began the quest for the Orb.
     0 | D:1      | Reached XP level 1. HP: 16/16 MP: 1/1
     0 | D:1      | magus.rc [v1.9.6]
    65 | D:2      | Reached XP level 2. HP: 13/21 MP: 2/2
   186 | D:2      | Noticed Sigmund
   201 | D:2      | Killed Sigmund
   202 | D:2      | Reached skill level 5 in Fighting
   202 | D:2      | Reached XP level 3. HP: 24/30 MP: 3/3
   202 | D:2      | Reached XP level 4. HP: 29/36 MP: 4/4
   202 | D:2      | Reached XP level 5. HP: 34/41 MP: 5/5
   286 | D:2      | Reached skill level 6 in Fighting
   970 | D:3      | Noticed Grinder
   991 | D:3      | Killed Grinder
   992 | D:3      | Reached skill level 7 in Fighting
   992 | D:3      | Reached XP level 6. HP: 31/49 MP: 3/6
  1181 | D:3      | Found a burning altar of Makhleb.
  1498 | D:3      | Noticed Terence
  1503 | D:3      | Reached XP level 7. HP: 54/54 MP: 7/7
  1508 | D:3      | Killed Terence
  1688 | D:3      | Found a faded altar of an unknown god.
  1744 | D:3      | Prayed at the altar of an unknown god.
  1744 | D:3      | Became a worshipper of the Wu Jian Council
  1744 | D:3      | Reached * piety under Wu Jian
  1786 | D:4      | Reached skill level 8 in Fighting
  2489 | D:4      | Found an ancient bone altar of Kikubaaqudgha.
  2565 | D:4      | Reached ** piety under Wu Jian
  2733 | D:4      | Found a stormy altar of Qazlal.
  2846 | D:5      | Entered Level 5 of the Dungeon
  2951 | D:5      | Found a sand-covered staircase.
  2966 | Ossuary  | Entered an ossuary
  2966 | Ossuary  | Noticed a wraith
  2966 | Ossuary  | Noticed a wraith
  2966 | Ossuary  | Noticed a wraith
  3083 | Ossuary  | Noticed a wraith
  3106 | Ossuary  | HP: 12/56 [wraith (10)]
  3106 | Ossuary  | HP: 5/56 [wraith (7)]
  3107 | Ossuary  | Killed a wraith
  3108 | Ossuary  | Reached skill level 9 in Fighting
  3108 | Ossuary  | Reached XP level 8. HP: 6/63 MP: 2/8
  3815 | D:5      | Found a staircase to the Ecumenical Temple.
  4091 | D:5      | Found Zary's Weapon Shop.
  4098 | D:5      | Bought a +0 morningstar of pain for 156 gold pieces
  4156 | D:5      | Reached skill level 10 in Fighting
  4544 | D:5      | Found a snail-covered altar of Cheibriados.
  4833 | D:6      | HP: 11/66 [ogre/+0 giant club (24)]
  4839 | D:6      | Reached skill level 11 in Fighting
  5287 | D:6      | Reached XP level 9. HP: 60/72 MP: 7/9
  5463 | D:6      | HP: 18/73 [orc priest/+0 morningstar (11)]
  6061 | D:6      | Reached skill level 12 in Fighting
  6547 | D:7      | Found Gaast's Assorted Antiques.
  6630 | D:7      | HP: 18/74 [gnoll/+0 flail (5)]
  6971 | D:7      | Found a hazy altar of Hepliaklqana.
  7005 | D:7      | You pick up a book of Misfortune and begin reading...
  7005 | D:7      | You add the spells Confusing Touch, Yara's Violent
                  | Unravelling and Enfeeble to your library.
  7562 | D:7      | Reached *** piety under Wu Jian
  7563 | D:7      | Reached skill level 13 in Fighting
  7906 | D:8      | Noticed a two-headed ogre
  7929 | D:8      | Killed a two-headed ogre
  7930 | D:8      | Reached skill level 14 in Fighting
  7930 | D:8      | Reached XP level 10. HP: 30/84 MP: 5/10
  7972 | D:8      | Identified the ring "Testala" {rN+ SInv}
  8748 | D:8      | Reached skill level 15 in Fighting
  8761 | D:8      | HP: 19/86 [yak (8)]
  9169 | D:8      | You pick up a book of Unlife and begin reading...
  9169 | D:8      | You add the spells Animate Dead, Borgnjor's Vile Clutch and
                  | Death Channel to your library.
  9260 | D:7      | Learned a level 4 spell: Animate Dead
  9508 | D:8      | Reached skill level 1 in Maces & Flails
  9574 | D:8      | You pick up a book of Displacement and begin reading...
  9574 | D:8      | You add the spells Lesser Beckoning, Gell's Gravitas and
                  | Teleport Other to your library.
 10061 | D:9      | Noticed a two-headed ogre
 10241 | D:9      | Reached skill level 2 in Maces & Flails
 10246 | D:9      | Reached skill level 1 in Necromancy
 10451 | D:9      | HP: 21/87 [orc warrior/+0 trident (18)]
 10459 | D:9      | HP: 10/87 [orc warrior/boomerang (13)]
 10467 | D:9      | Slain by a killer bee

Vanquished Creatures
  A two-headed ogre (D:8)
  A troll (D:9)
  Grinder (D:3)
  A hornet (D:9)
  A wraith (Ossuary)
  Sigmund (D:2)
  A wyvern (D:8)
  9 yaks
  A water moccasin (D:8)
  2 orc warriors
  4 ice beasts
  A sky beast (D:8)
  2 necrophages (D:5)
  5 ogres
  A bullfrog (D:6)
  2 kobold brigands (D:7)
  2 scorpions (D:6)
  A gnoll sergeant (D:7)
  A vampire bat (D:4)
  2 howler monkeys
  A centaur zombie (D:7)
  2 jellies
  7 orc priests
  A hound (D:4)
  5 iguanas
  3 orc wizards
  Terence (D:3)
  A hound skeleton (D:5)
  3 mummies (Ossuary)
  10 gnolls
  8 adders
  A howler monkey skeleton (D:7)
  2 white imps
  An ufetubus (D:8)
  2 adder skeletons (D:5)
  3 worms
  2 dart slugs
  19 orcs
  5 bats
  3 bat skeletons (D:4)
  2 bat zombies (D:4)
  7 endoplasms
  2 giant cockroaches
  6 goblins
  8 hobgoblins
  10 kobolds
  2 quokkas (D:2)
  4 ball pythons
  A frilled lizard (D:1)
  4 goblin zombies (Ossuary)
  2 hobgoblin zombies (Ossuary)
  A kobold zombie (Ossuary)
  4 rats
173 creatures vanquished.

Vanquished Creatures (collateral kills)
  A gnoll zombie (Ossuary)
1 creature vanquished.

Grand Total: 174 creatures vanquished

Table legend:
 A = Non-vault XP
 B = Vault XP
 C = Vault XP percentage of total XP
 D = Non-vault monster count
 E = Vault monster count
 F = Vault count percentage of total count
                 A         B        C        D         E       F
            +---------+---------+-------+---------+---------+-------
      Total |    6827 |    1324 |  16.2 |     141 |      33 |  19.0
            +---------+---------+-------+---------+---------+-------
        D:1 |       7 |       0 |   0.0 |       5 |       0 |   0.0
        D:2 |      39 |     217 |  84.8 |      15 |       3 |  16.7
        D:3 |     105 |     327 |  75.7 |      17 |       2 |  10.5
        D:4 |     236 |      70 |  22.9 |      18 |       6 |  25.0
        D:5 |     633 |       4 |   0.6 |      12 |       1 |   7.7
        D:6 |     966 |       0 |   0.0 |      22 |       0 |   0.0
        D:7 |    1167 |       0 |   0.0 |      19 |       0 |   0.0
        D:8 |    2780 |     408 |  12.8 |      25 |       4 |  13.8
        D:9 |     894 |      11 |   1.2 |       8 |       5 |  38.5
    Ossuary |       0 |     287 | 100.0 |       0 |      12 | 100.0
            +---------+---------+-------+---------+---------+-------

Illustrated notes

Table legend:
 A = Kills in this place as a percentage of kills in entire the game.
 B = Kills by you in this place as a percentage of kills by you in the entire game.
 C = Kills by friends in this place as a percentage of kills by friends in the entire game.
 D = Other kills in this place as a percentage of other kills in the entire game.
 E = Experience gained in this place as a percentage of experience gained in the entire game.
 F = Experience gained in this place divided by the number of levels of this place that you have seen.
                   A       B       C       D       E      F
               +-------+-------+-------+-------+-------+----------------------
         Total | 100.0 | 100.0 | 100.0 |   N/A | 100.0 | 815.1
       Dungeon |  93.1 |  93.6 |   0.0 |   N/A |  96.5 | 873.8
       Ossuary |   6.9 |   6.4 | 100.0 |   N/A |   3.5 | 287.0
               +-------+-------+-------+-------+-------+----------------------

Table legend: (Time is in decaauts)
 A = Elapsed time spent in this place.
 B = Non-inter-level travel time spent in this place.
 C = Inter-level travel time spent in this place.
 D = Time resting spent in this place.
 E = Time spent auto-exploring this place.
 F = Levels seen in this place.
 G = Mean time per level.
                   A        B        C        D        E       F      G
               +--------+--------+--------+--------+--------+-----+--------+
         Total |  10570 |  10311 |    259 |   3678 |   4909 |  10 | 1057.0 |
       Dungeon |   9727 |   9468 |    259 |   3296 |   4589 |   9 | 1080.8 |
       Ossuary |    842 |    842 |      0 |    382 |    319 |   1 |  842.0 |
               +--------+--------+--------+--------+--------+-----+--------+

Top non-repeatable levels by time:
     D:6: 1904 daAuts
     D:7: 1683 daAuts
     D:8: 1474 daAuts
     D:4: 1222 daAuts
     D:5: 922 daAuts
     D:2: 873 daAuts
 Ossuary: 842 daAuts
     D:3: 836 daAuts
     D:9: 748 daAuts
     D:1: 61 daAuts
